 Dungeon Crawl Stone Soup version 0.28-a0-1334-g1c9ffb4daf (webtiles) character file.

Game seed: 11767934746765333428

431 Grim the Gusty (level 6, 0/32 HPs)
             Began as a Deep Elf Air Elementalist on Dec 28, 2021.
             Killed by their own static electricity (2 damage)
             ... on level 3 of the Dungeon.
             The game lasted 00:08:06 (3889 turns).

Grim the Gusty (Deep Elf Air Elementalist)          Turns: 3889, Time: 00:08:07

Health: 0/32       AC:  3    Str:  5    XL:     6   Next: 66%
Magic:  3/12       EV: 12    Int: 22    God:
Gold:   91         SH:  0    Dex: 15    Spells: 1/11 levels left

rFire   . . .      SeeInvis .   e - +0 short sword
rCold   . . .      Faith    .   (no shield)
rNeg    . . .      Spirit   .   a - +0 robe
rPois   .          Reflect  .   (no helmet)
rElec   .          Harm     .   (no cloak)
rCorr   .          Rampage  .   (no gloves)
Will    .....                   l - +0 pair of boots
Stlth   ++........              (no amulet)
HPRegen 0.10/turn               (no ring)
MPRegen 0.13/turn               (no ring)

@: no status effects
A: no striking features
a: no special abilities


You were on level 3 of the Dungeon.
You visited 1 branch of the dungeon, and saw 4 of its levels.

You collected 91 gold pieces.

Inventory:

Hand Weapons
 e - a +0 short sword (weapon)
Missiles
 f - 56 stones
 n - 5 boomerangs
Armour
 a - a +0 robe (worn)
 l - a +0 pair of boots (worn)
Jewellery
 p - an amulet of faith
Scrolls
 b - 2 scrolls of amnesia {unknown}
 c - 5 scrolls of identify {unknown}
 d - 5 scrolls of acquirement {unknown}
Potions
 g - 2 potions of brilliance {unknown}
 h - a potion of degeneration {unknown}
 i - a potion of haste {unknown}
 j - a potion of invisibility {unknown}
 k - 3 potions of lignification {unknown}
 m - a potion of cancellation {unknown}
 o - a potion of mutation {unknown}


   Skills:
 - Level 2.4 Dodging
 - Level 2.4 Stealth
 - Level 3.0 Spellcasting
 + Level 5.4 Conjurations
 + Level 5.7 Air Magic


You had one spell level left.
You knew the following spells:

 Your Spells              Type           Power      Damage    Failure   Level
a - Shock                 Conj/Air       100%       1d9       1%          1
b - Static Discharge      Conj/Air       27%        N/A       1%          2
c - Swiftness             Air            28%        N/A       3%          3
d - Airstrike             Air            14%        N/A       12%         4

Your spell library contained the following spells:

 Spells                   Type           Power      Damage    Failure   Level


Dungeon Overview and Level Annotations

Branches:
Dungeon (4/15)
 Temple: D:4-7

Altars:
Dithmenos
Zin
The Shining One

Shops:
D:2 (


Message History

Casting: Shock (safe; 1% risk of failure)
Confirm with . or Enter, or press ? or * to list all spells.
The spell is quite dangerous to miscast (12% risk of failure)!
Continue anyway?
Aiming: Airstrike (quite dangerous; 12% risk of failure)
Press: ? - help, Dir - move target, f/p - orc wizard
Aim: an orc wizard, wielding a +0 dagger and wearing a +0 robe (moderately wounded, empty space bonus: 6/8)
The air twists around and strikes the orc wizard!
You kill the orc wizard!
The orc priest begins to cast a cantrip, but forgets the words!
Found a robe.
Found a stone staircase leading down.
The orc priest casts a cantrip, but nothing happens.
The kobold hits you with a +0 dagger.
The orc priest casts a cantrip, but nothing happens.
You see here a fizzy black potion.
Things that are here:
a +0 leather armour; a +0 war axe The orc priest calls down the wrath of Beogh upon you.
Beogh smites you!
* * * LOW HITPOINT WARNING * * *
There is a stone staircase leading up here.
The orc priest invokes the aid of Beogh against you.
Beogh smites you!
* * * LOW HITPOINT WARNING * * *
The kobold barely misses you.
You climb upwards.
There is a stone staircase leading down here.
Casting: Airstrike (quite dangerous; 12% risk of failure)
Confirm with . or Enter, or press ? or * to list all spells.
Aiming: Shock (safe; 1% risk of failure)
Press: ? - help, Shift-Dir - straight line, f - kobold
Aim: a kobold, wielding a +0 dagger (67% to hit)
The zap misses the kobold.
The kobold hits you with a +0 dagger.
* * * LOW HITPOINT WARNING * * *
Unknown command.
Casting: Shock (safe; 1% risk of failure)
Confirm with . or Enter, or press ? or * to list all spells.
The kobold is struck by an arc of lightning!
You kill the kobold!
You are struck by an arc of lightning.
You die...

#.# #####.............. #.#
#..####..#.#... #.#
#...##..##..... #.#
###..##.....##... #####.#######
#.....#.....#....
##.....#.....####....+.._.......
##...................##..........
#.....................#.....##...
#..............)@....#.##...#....
#....................###..####...
#.....................)....^....#
#...............................#
#....................##.#.##..#..
##...).......).....####.#........
##...........###### #...#...###
####...##.### ###.#..## #.#.##.#
##....#


There were no monsters in sight!

Vanquished Creatures
  Grinder (D:3)
  A crimson imp (D:3)
  A bullfrog skeleton (D:3)
  An orc wizard (D:4)
  4 gnolls (D:3)
  5 adders
  2 dart slugs
  6 orcs
  4 ball pythons
  5 bats
  2 endoplasms (D:3)
  3 giant cockroaches
  5 hobgoblins
  2 quokkas
  A goblin (D:2)
  2 goblin skeletons (D:3)
  2 hobgoblin zombies (D:3)
  7 kobolds
  2 kobold skeletons (D:3)
  A kobold zombie (D:3)
  3 orc skeletons (D:3)
  2 orc zombies (D:3)
  10 rats
72 creatures vanquished.

Notes
Turn   | Place    | Note
-------+----------+-------------------------------------------
     0 | D:1      | Grim the Deep Elf Air Elementalist began the quest for the
                  | Orb.
     0 | D:1      | Reached XP level 1. HP: 10/10 MP: 6/6
   600 | D:1      | Reached XP level 2. HP: 15/15 MP: 6/8
  1246 | D:2      | Reached XP level 3. HP: 19/19 MP: 3/9
  1392 | D:2      | Learned a level 2 spell: Static Discharge
  1396 | D:2      | Learned a level 3 spell: Swiftness
  1405 | D:2      | Found Korghec's Weapon Shop.
  1535 | D:2      | Found a shadowy altar of Dithmenos.
  2161 | D:3      | Reached XP level 4. HP: 24/24 MP: 2/10
  2340 | D:3      | Noticed Grinder
  2651 | D:3      | Reached XP level 5. HP: 14/28 MP: 4/11
  2851 | D:3      | Found a glowing golden altar of the Shining One.
  3227 | D:3      | Found a glowing silver altar of Zin.
  3461 | D:3      | Killed Grinder
  3462 | D:3      | Reached skill level 5 in Conjurations
  3462 | D:3      | Reached skill level 5 in Air Magic
  3462 | D:3      | Reached XP level 6. HP: 19/32 MP: 0/12
  3801 | D:3      | Learned a level 4 spell: Airstrike
  3889 | D:3      | Killed from afar by themself

Illustrated notes

Levels and vault maps discovered:
D:1:      lemuel_arrival_tunnels, layout_basic, minmay_unequal
D:2:      layout_rooms, serial_aquarium, aquarium_bridge_square
          [aquarium_subvault_bridge, aquarium_subvault_window,
          aquarium_subvault_window, aquarium_subvault_bridge],
          aquarium_window_corner, aquarium_window_3, aquarium_window_2,
          aquarium_view_4, aquarium_balcony_3b, basic_altar, serial_shops,
          nicolae_shop_bloodbath_and_beyond
D:3:      layout_rooms, mainiacjoe_overflow_six_doors_small,
          nicolae_tso_besieged_by_evil, uniq_grinder
D:4:      layout_layer_cave, yredelemnul_altar_generic, uniq_pikel

Skill      XL: |  1  2  3  4  5 |
---------------+----------------+-----
Conjurations   | 2 3 5 |  5.4
Air Magic      | 4 5 |  5.7
Dodging        | |  2.4
Stealth        | |  2.4
Spellcasting   | |  3.0

Action                   |  1- 3 |  4- 6 || total
-------------------------+-------+-------++-------
Melee: Short sword       |       |     4 ||     4
 Cast: Shock             |    78 |   100 ||   178
       Static Discharge  |       |     3 ||     3
       Airstrike         |       |     1 ||     1
  Use: Potion            |     1 |     1 ||     2
Armor: Robe              |    14 |     2 ||    16
Dodge: Dodged            |    23 |    20 ||    43

Table legend: (Time is in decaauts)
 A = Elapsed time spent in this place.
 B = Non-inter-level travel time spent in this place.
 C = Inter-level travel time spent in this place.
 D = Time resting spent in this place.
 E = Time spent auto-exploring this place.
 F = Levels seen in this place.
 G = Mean time per level.
                   A        B        C        D        E       F      G
               +--------+--------+--------+--------+--------+-----+--------+
         Total |   3893 |   3800 |     93 |   1108 |   2183 |   4 |  973.2 |
       Dungeon |   3893 |   3800 |     93 |   1108 |   2183 |   4 |  973.2 |
               +--------+--------+--------+--------+--------+-----+--------+

Top non-repeatable levels by time:
     D:3: 1661 daAuts
     D:1: 1187 daAuts
     D:2: 971 daAuts
     D:4: 74 daAuts
